 Dungeon Crawl Stone Soup version 0.29.1-1-gd02db6906a (webtiles) character file.

Game seed: 6152735919876948951

14308 xian the Frost Mage (level 11, -28/78 HPs)
             Began as a Green Draconian Ice Elementalist on Oct 14, 2022.
             Was an Elder of Vehumet.
             Killed from afar by Azrael (30 damage)
             ... with damnation
             ... on level 12 of the Dungeon.
             The game lasted 00:42:53 (11810 turns).

xian the Frost Mage (DrIE)                         Turns: 11810, Time: 00:42:53

Health: -28/78     AC: 10    Str: 17    XL:     11   Next: 87%
Magic:  22/26      EV: 12    Int: 20    God:    Vehumet [****..]
Gold:   663        SH: 10    Dex: 11    Spells: 17/32 levels left

rFire   . . .      SeeInvis .   d - +0 hand axe
rCold   . . .      Faith    .   w - +0 kite shield
rNeg    . . .      Spirit   .   (body armour unavailable)
rPois   +          Reflect  .   (helmet restricted)
rElec   .          Harm     .   j - +1 cloak {Will+}
rCorr   .          Rampage  .   (no gloves)
Will    +....                   B - +0 pair of boots
Stlth   ++........              f - amulet of regeneration
HPRegen 1.03/turn               i - ring of wizardry
MPRegen 0.20/turn               H - +6 ring of strength

@: no status effects
A: breathe noxious fumes, AC +7, unfitting armour, poison resistance,
cold-blooded
a: Breathe Noxious Fumes, Renounce Religion


You were on level 12 of the Dungeon.
You worshipped Vehumet.
Vehumet was greatly pleased with you.
You visited 2 branches of the dungeon, and saw 12 of its levels.

You collected 849 gold pieces.
You spent 186 gold pieces at shops.

Inventory:

Hand Weapons
 d - a +0 hand axe (weapon)
Missiles
 F - 3 throwing nets
Armour
 j - a +1 cloak of willpower (worn)
 w - a +0 kite shield (worn)
 B - a +0 pair of boots (worn)
Magical Staves
 z - a staff of fire
Jewellery
 f - an amulet of regeneration (around neck)
 i - a ring of wizardry (left hand)
 k - a ring of poison resistance
 H - a +6 ring of strength (right hand)
Wands
 g - a wand of acid (5)
 u - a wand of paralysis (15)
 E - a wand of mindburst (9)
 L - a wand of digging (5)
 M - a wand of iceblast (1)
Scrolls
 b - a scroll of fear
 e - a scroll of teleportation
 h - 2 scrolls of amnesia
 m - 2 scrolls of vulnerability
 q - a scroll of magic mapping
 x - a scroll of butterflies
 y - a scroll of immolation
 A - a scroll of silence
 D - a scroll of enchant armour
 G - a scroll of enchant weapon
 I - a scroll of blinking
Potions
 a - a potion of magic
 c - 2 potions of lignification {unknown}
 l - 3 potions of brilliance {unknown}
 n - 6 potions of ambrosia
 o - 2 potions of heal wounds
 p - 2 potions of degeneration {unknown}
 r - 2 potions of cancellation
 s - 3 potions of flight {unknown}
 t - a potion of berserk rage
 v - a potion of resistance
 C - a potion of curing
 J - a potion of mutation {unknown}
 K - a potion of haste {unknown}


   Skills:
 + Level 1.4 Fighting
 + Level 2.6 Axes
 + Level 4.8 Dodging
 + Level 3.4 Stealth
 * Level 8.0 Shields
 + Level 11.3 Spellcasting
 + Level 0.5 Conjurations
 + Level 11.7 Ice Magic
 + Level 0.1 Evocations


You had 17 spell levels left.
You knew the following spells:

 Your Spells              Type           Power      Damage    Failure   Level
a - Freeze                Ice            100%       1d11      1%          1
b - Frozen Ramparts       Ice            100%       1d16      1%          3
c - Ozocubu's Armour      Ice            55%        N/A       1%          3
d - Magic Dart            Conj           52%        1d5       1%          1
e - Tukima's Dance        Hex            11%        N/A       17%         3
f - Hailstorm             Conj/Ice       35%        3d9       1%          4

Your spell library contained the following spells:

 Spells                   Type           Power      Damage    Failure   Level
 Dazzling Flash           Conj/Hex       24%        N/A       4%          3
 Sublimation of Blood     Necr           11%        N/A       9%          2
 Wereblood                Tmut           11%        N/A       9%          2
 Portal Projectile        Hex/Tloc       22%        N/A       17%         3
 Blade Hands              Tmut           5%         N/A       82%         5
 Summon Hydra             Summ           5%         N/A       100%        7


Dungeon Overview and Level Annotations

Branches:
Dungeon (12/15)            Temple (1/1) D:5            Lair (0/5) D:11
    Orc (0/2) D:11

Altars:
Ashenzari
Cheibriados
Dithmenos
Elyvilon
Fedhas
Gozag
Kikubaaqudgha
Makhleb
Nemelex Xobeh
Okawaru
Qazlal
Ru
Trog
Uskayaw
Vehumet
Wu Jian
Xom
Yredelemnul
Zin
The Shining One

Shops:
D:10 *

Portals:
Trove: D:11 (give 15 scrolls of teleportation)

Annotations:
D:8 Gastronok
D:9 3 runed translucent doors, sanboga's ghost, journeyman MiMo
D:10 2 runed translucent doors, exclusion: orange crystal statue
D:12 Azrael


Innate Abilities, Weirdness & Mutations

You can breathe blasts of noxious fumes.
Your lurid green scales are hard. (AC +7)
You cannot fit into any form of body armour.
Your system is resistant to poisons. (rPois)
You are cold-blooded and may be slowed by cold attacks.


Message History

You freeze Azrael!
Azrael is frozen!
Azrael is severely wounded.
The wall freezes the centaur.
You kill the centaur!
Vehumet accepts your kill.
You feel your power returning.
The fire elemental is frozen!
The wall freezes the fire elemental!
The wall freezes the centaur but does no damage.
The centaur unwields a +0 shortbow.
The centaur hits you but does no damage.
The centaur closely misses you.
Azrael is frozen!
The wall freezes Azrael!
Azrael gestures at you. The sticky flame hits you!
You are covered in liquid flames!
* * * LOW HITPOINT WARNING * * *
You feel much better.
You are covered in liquid flames!
* * * LOW HITPOINT WARNING * * *
The wall freezes the centaur!
The centaur closely misses you.
The centaur kicks you but does no damage.
The fire elemental is frozen!
The wall freezes the fire elemental!
Azrael is frozen!
The wall freezes Azrael.
Azrael hits you with a +1 scimitar of flaming.
* * * LOW HITPOINT WARNING * * *
Azrael burns you.
* * * LOW HITPOINT WARNING * * *
Blink to where?
Press: ? - help, Dir - move target, p - Azrael Your frozen ramparts will break if you move.
Continue?
The frozen ramparts melt away as you move.
As you read the scroll of blinking, it crumbles to dust.
You are covered in liquid flames!
* * * LOW HITPOINT WARNING * * *
You are no longer on fire.
The centaur wields a +0 shortbow.
The centaur shoots an arrow.
The arrow hits you.
* * * LOW HITPOINT WARNING * * *
Azrael gestures at you.
The sphere of damnation explodes!
The damnation engulfs you!!
You die...

# #.....# .
#####.#.#.#
#.#<....#.#.###
#.#######)....#
.##...........#.#
...........>....###
..................#
######..########.#
#######@#### .#
#.E........# #
##○##[...##.#
#○)c..#### #
.....☼R#### ####..°
#... #... #...


You could see Azrael, a fire elemental and a centaur.

Vanquished Creatures
  Harold (D:9)
  A two-headed ogre (D:12)
  An ugly thing (D:11)
  Maurice (D:8)
  Maggie (D:9)
  An unseen horror (D:11)
  A tengu conjurer (D:11)
  3 trolls
  6 slime creatures
  29 yaks
  2 fire elementals (D:12)
  2 steam dragons
  2 acid dragons
  4 wargs (D:11)
  2 hell hounds (D:12)
  A black bear (D:6)
  A sky beast (D:8)
  An ogre (D:3)
  4 centaurs
  2 necrophages
  2 bullfrogs
  A gnoll sergeant (D:9)
  6 wights
  47 killer bees
  A howler monkey (D:11)
  2 orc priests
  2 jellies
  A gnoll bouda (D:8)
  5 hounds
  5 iguanas
  8 orc wizards
  6 gnolls
  3 adders
  4 worms
  4 dart slugs
  25 orcs
  5 ball pythons
  4 endoplasms
  3 giant cockroaches
  10 goblins
  4 hobgoblins
  8 jackals
  5 quokkas
  3 bats
  2 frilled lizards
  7 rats
239 creatures vanquished.

Vanquished Creatures (collateral kills)
  A killer bee (D:10)
1 creature vanquished.

Vanquished Creatures (others)
  A queen bee (D:10)
  A plant (D:9)
2 creatures vanquished.

Grand Total: 242 creatures vanquished

Notes
Turn   | Place    | Note
-------+----------+-------------------------------------------
     0 | D:1      | xian the Draconian Ice Elementalist began the quest for the
                  | Orb.
     0 | D:1      | Reached XP level 1. HP: 14/14 MP: 3/3
   280 | D:1      | Reached XP level 2. HP: 14/20 MP: 1/5
   457 | D:1      | Found a faded altar of an unknown god.
  1182 | D:2      | Reached XP level 3. HP: 25/26 MP: 3/6
  1186 | D:2      | Learned a level 3 spell: Frozen Ramparts
  2131 | D:3      | Noticed an ogre
  2138 | D:3      | Learned a level 3 spell: Ozocubu's Armour
  2144 | D:3      | Killed an ogre
  2145 | D:3      | Reached skill level 5 in Ice Magic
  2145 | D:3      | Reached XP level 4. HP: 33/33 MP: 0/8
  2145 | D:3      | Reached XP level 5. HP: 38/38 MP: 0/9
  2239 | D:3      | Found a blossoming altar of Fedhas.
  2355 | D:3      | Found Perosaf's Armour Boutique.
  3289 | D:4      | Reached XP level 6. HP: 41/45 MP: 4/12
  3555 | D:4      | Reached skill level 1 in Axes
  3994 | D:4      | Reached skill level 1 in Shields
  4069 | D:5      | Entered Level 5 of the Dungeon
  4381 | D:5      | Found an ancient bone altar of Kikubaaqudgha.
  4405 | D:5      | Your scales start taking on a lurid green colour.
  4405 | D:5      | Reached XP level 7. HP: 50/50 MP: 6/13
  4405 | D:5      | Gained mutation: Your system is resistant to poisons.
                  | (rPois) [Green Draconian growth]
  4501 | D:5      | Found a broken altar of Ashenzari.
  4616 | D:5      | Found a staircase to the Ecumenical Temple.
  4622 | Temple   | Entered the Ecumenical Temple
  4639 | Temple   | Became a worshipper of Vehumet
  4804 | D:5      | Found an opulent altar of Gozag.
  5097 | D:5      | Found a shimmering altar of Xom.
  5160 | D:6      | Reached skill level 5 in Spellcasting
  5198 | D:6      | Found a basalt altar of Yredelemnul.
  5323 | D:6      | Noticed a steam dragon
  5332 | D:6      | Killed a steam dragon
  5482 | D:6      | Reached XP level 8. HP: 50/57 MP: 11/16
  5595 | D:6      | Found the +10 Black Knight's barding {ponderous, rPois rN+}
  5607 | D:6      | You fall into a shaft and drop 2 floors!
  5726 | D:8      | Reached * piety under Vehumet
  5726 | D:8      | Offered knowledge of Magic Dart by Vehumet.
  6106 | D:8      | Learned a level 1 spell: Magic Dart
  6216 | D:8      | Noticed Gastronok
  6423 | D:8      | Found a bloodstained altar of Trog.
  6447 | D:8      | Noticed Maurice
  6463 | D:8      | Killed Maurice
  6683 | D:8      | Reached XP level 9. HP: 59/61 MP: 1/19
  7483 | D:9      | Reached skill level 5 in Shields
  7649 | D:9      | Reached skill level 1 in Fighting
  7754 | D:9      | Noticed Harold
  7767 | D:9      | Killed Harold
  7768 | D:9      | Reached XP level 10. HP: 65/71 MP: 10/22
  8290 | D:8      | Reached ** piety under Vehumet
  8303 | D:8      | Offered knowledge of Scorch by Vehumet.
  8311 | D:8      | Learned a level 3 spell: Tukima's Dance
  8316 | D:8      | Learned a level 4 spell: Hailstorm
  8737 | D:9      | Noticed a six-headed hydra
  8742 | D:9      | Noticed a four-headed hydra
  8743 | D:9      | Noticed sanboga's ghost (journeyman MiMo)
  8753 | D:9      | Found a runed translucent gate.
  8753 | D:9      | Found a runed translucent gate.
  8753 | D:9      | Found a runed translucent gate.
  9077 | D:9      | Reached skill level 10 in Ice Magic
  9079 | D:9      | Reached skill level 10 in Spellcasting
  9200 | D:9      | Found a glowing golden altar of the Shining One.
  9437 | D:9      | Noticed Maggie
  9450 | D:9      | Killed Maggie
  9451 | D:9      | Reached XP level 11. HP: 77/77 MP: 17/25
  9581 | D:10     | Entered Level 10 of the Dungeon
  9581 | D:10     | Found a runed translucent door.
  9591 | D:10     | Found a stormy altar of Qazlal.
  9772 | D:10     | Found Iwugoll's Assorted Antiques.
  9775 | D:10     | Bought a coppery potion for 17 gold pieces
  9775 | D:10     | Bought a sedimented purple potion for 17 gold pieces
  9775 | D:10     | Bought a shiny brass wand for 76 gold pieces
  9775 | D:10     | Bought an encrusted copper wand for 76 gold pieces
  9798 | D:10     | Offered knowledge of Stone Arrow by Vehumet.
  9807 | D:10     | Reached *** piety under Vehumet
 10172 | D:10     | Found a runed translucent door.
 10191 | D:10     | Found a runed translucent door.
 10212 | D:10     | Noticed an orange crystal statue
 10221 | D:10     | Found a runed translucent door.
 10404 | D:11     | Offered knowledge of Airstrike by Vehumet.
 10405 | D:11     | Noticed a brown ugly thing
 10417 | D:11     | Killed a brown ugly thing
 10971 | D:11     | Found a staircase to the Lair.
 11140 | D:11     | Found a staircase to the Orcish Mines.
 11377 | D:11     | Found a portal to a secret trove of treasure.
 11496 | D:11     | Found a runed translucent door.
 11742 | D:12     | Noticed a two-headed ogre
 11753 | D:12     | Killed a two-headed ogre
 11753 | D:12     | Reached **** piety under Vehumet
 11791 | D:12     | Noticed Azrael
 11803 | D:12     | Offered knowledge of Dazzling Flash by Vehumet.
 11810 | D:12     | HP: 2/78 [burnt (8)]
 11810 | D:12     | Killed from afar by Azrael

Illustrated notes

Levels and vault maps discovered:
D:1:      sevenhm_arrival_forest_fort_small_6, layout_basic,
          hellmonk_ecumenical_altar_inner_sanctum, st_stairs_13, minivault_14
D:2:      layout_loops_ring
D:3:      layout_loops_corners, fedhas_altar_1, serial_shops, shop
D:4:      nicolae_cairo_tiling, layout_rooms, grunt_decor_arrowhead
D:5:      layout_loops_ring, kiku_gazebo_garden_becter, grunt_gozag_statues,
          mainiacjoe_overflow_catwalk, mainiacjoe_overflow_alcove_4,
          minmay_temple_entry_enclosed_plants
D:6:      layout_loops_ring, kennysheep_orc_sif_temple,
          nzn_hepliaklqana_mist_gate, mainiacjoe_overflow_small_starburst,
          corexii_leaking_fountain
D:8:      layout_loops_corners, lemuel_doored_altar, uniq_maurice,
          uniq_gastronok
D:9:      layout_stronghold, tso_oasis_becter, gammafunk_ghost_split,
          uniq_harold, uniq_maggie
D:10:     layout_loops_corners, nicolae_qazlal_scattered_showers, special_room
          [special_room_bee], serial_shops, nicolae_shop_behind_doors,
          minmay_statue_crystal_thing
D:11:     minmay_the_grid_triangle_9x9_rhombus_full
          [minmay_the_grid_triangle_9x9_limited_checkers,
          minmay_the_grid_triangle_9x9_pentomino_pain,
          minmay_the_grid_triangle_9x9_thin_v,
          minmay_the_grid_triangle_9x9_zippers_horizontal,
          minmay_the_grid_triangle_9x9_subtriangle,
          minmay_the_grid_triangle_9x9_steps,
          minmay_the_grid_triangle_9x9_odd_lines,
          minmay_the_grid_triangle_9x9_prize_special], layout_loops_ring,
          minmay_orc_entry_guard_dogs, enter_trove_6
D:12:     layout_basic, hangedman_abyss_or_decor_stagger, uniq_azrael,
          uniq_nergalle
Temple:   minmay_freezing_vapour_temple

Skill      XL: |  1  2  3  4  5  6  7  8  9 10 11 |
---------------+----------------------------------+-----
Dodging        | 2 3 4 |  4.8
Stealth        | 2 3 |  3.4
Spellcasting   | 3 4 5 7 8 10 11 | 11.3
Ice Magic      | 5 6 7 9 10 11 | 11.7
Axes           | 1 2 |  2.6
Shields        | 1 2 4 5 7 8 |  8.0
Fighting       | 1 |  1.4
Conjurations   | |  0.5
Evocations     | |  0.1

Action                   |  1- 3 |  4- 6 |  7- 9 | 10-12 || total
-------------------------+-------+-------+-------+-------++-------
Melee: Hand axe          |    18 |    13 |    45 |    32 ||   108
       Tailslap          |     5 |       |     7 |     1 ||    13
 Cast: Freeze            |    56 |    70 |   126 |   171 ||   423
       Frozen Ramparts   |     1 |     6 |    23 |    32 ||    62
       Ozocubu's Armour  |     1 |     1 |    11 |    20 ||    33
       Magic Dart        |       |       |    16 |     4 ||    20
       Hailstorm         |       |       |       |     1 ||     1
 Abil: Breathe Noxious F |       |       |    13 |    18 ||    31
Evoke: Wand              |       |       |     2 |       ||     2
  Use: Scroll            |       |       |    12 |     8 ||    20
       Potion            |       |       |     1 |     3 ||     4
 Stab: Confused          |       |       |     2 |       ||     2
Armor: Skin              |    18 |    25 |    67 |   105 ||   215
Dodge: Dodged            |    36 |    34 |    98 |   106 ||   274
Block: Kite shield       |       |     9 |    95 |   103 ||   207
